 Dungeon Crawl Stone Soup version 0.17-a0-2007-g96ac4c4 (webtiles) character file.

14032 Mordenkainen the Destroyer (level 11, -1/54 HPs)
             Began as a Deep Elf Wizard on Oct 9, 2015.
             Was a Believer of Vehumet.
             Slain by a hell rat (2 damage)
             ... on level 4 of the Lair of Beasts.
             The game lasted 01:17:01 (12925 turns).

Mordenkainen the Destroyer (Deep Elf Wizard)       Turns: 12925, Time: 01:17:01

Health: -1/54      AC:  7    Str:  4    XL:     11   Next: 83%
Magic:  3/28       EV: 14    Int: 27    God:    Vehumet [**....]
Gold:   803        SH:  0    Dex: 16    Spells: 7 memorised, 15 levels left

rFire  + . .     SeeInvis .     B - +2 scythe (slice)
rCold  . . .     Clarity  .     Y - +1 robe {rF+}
rNeg   . . .     SustAt   .     (no shield)
rPois  .         Gourm    +     b - +0 hat
rElec  .         Spirit   .     (no cloak)
rCorr  .         Warding  .     s - +0 pair of gloves {Dex+3}
rMut   .         Stasis   .     U - +2 pair of boots {Fly}
MR     +....                    H - amulet of the gourmand
Stlth  +++.......               I - ring of stealth
                                W - +2 ring of evasion

@: flying, repel missiles, drained, somewhat resistant to hostile enchantments,
fairly stealthy
A: no striking features
a: Renounce Religion, Stop Flying


You were on level 4 of the Lair of Beasts.
You worshipped Vehumet.
Vehumet was pleased with you.
You were very full.

You visited 3 branches of the dungeon, and saw 14 of its levels.
You also visited: Ossuary.

You collected 906 gold pieces.
You spent 103 gold pieces at shops.

Inventory:

Hand Weapons
 r - a +0 blowgun
 B - a +2 scythe of slicing (weapon)
Missiles
 w - 10 curare-tipped needles
 A - 13 poisoned needles
 C - 3 needles of paralysis
Armour
 b - a +0 hat (worn)
 s - a +0 pair of gloves of dexterity (worn)
 U - a +2 pair of boots of flying (worn)
 Y - a +1 robe of fire resistance (worn)
Magical Staves
 Q - an uncursed staff of summoning
Jewellery
 t - an uncursed ring of protection from cold
 F - an uncursed ring of ice
 H - an amulet of the gourmand (around neck)
 I - a ring of stealth (right hand)
 W - a +2 ring of evasion (left hand)
 X - an uncursed ring of protection from fire
Wands
 e - a wand of polymorph (10)
 n - a wand of flame (20)
 D - a wand of draining (3)
 K - a wand of paralysis (6)
Scrolls
 g - 5 scrolls of remove curse
 k - 5 scrolls of fear
 p - 2 scrolls of recharging {unknown}
 y - 3 scrolls of vulnerability {unknown}
 E - 2 scrolls of blinking {unknown}
 G - a scroll of immolation {unknown}
 J - 2 scrolls of magic mapping {unknown}
 L - 3 scrolls of enchant armour {unknown}
 P - 2 scrolls of noise {unknown}
 V - a scroll of summoning {unknown}
Potions
 a - a potion of ambrosia {unknown}
 f - 3 potions of brilliance
 h - a potion of cancellation {unknown}
 m - a potion of agility
 o - a potion of berserk rage {unknown}
 q - 2 potions of invisibility
 u - 2 potions of beneficial mutation
 v - 4 potions of degeneration {unknown}
 x - 3 potions of resistance
 z - 5 potions of curing
 O - a potion of might {unknown}
 R - 3 potions of heal wounds {unknown}
 S - 3 potions of haste {unknown}
 T - 2 potions of magic {unknown}
Books
 c - a book of Spatial Translocations

   Spells                             Type                      Level
   a - Apportation                    Translocation                1
   b - Blink                          Translocation                2
   c - Shroud of Golubria             Charms/Translocation         2
   d - Portal Projectile              Translocation                3
   e - Teleport Other                 Translocation                3
   f - Passage of Golubria            Translocation                4
Miscellaneous
 i - a plain deck of changes
Comestibles
 d - 10 bread rations
 j - 2 royal jellies
 l - 5 meat rations
 M - 2 beef jerkies
 N - 8 slices of pizza


   Skills:
 - Level 2.4(1.4) Dodging
 - Level 2.4(1.4) Stealth
 + Level 11.2(10.0) Spellcasting
 * Level 12.8(11.5) Conjurations
 - Level 5.3(4.3) Charms
   Level 1.1(0.1) Summonings
 - Level 4.0(2.9) Translocations
 - Level 3.6(2.6) Fire Magic
 * Level 10.4(9.2) Air Magic
 - Level 3.8(2.8) Poison Magic


You had 15 spell levels left.
You knew the following spells:

 Your Spells              Type           Power        Failure   Level  Hunger
a - Magic Dart            Conj           ####         1%          1    None
b - Blink                 Tloc           N/A          1%          2    None
c - Repel Missiles        Chrm/Air       ######       1%          2    None
e - Conjure Flame         Conj/Fire      ######..     1%          3    None
f - Lightning Bolt        Conj/Air       ######....   1%          5    ####...
h - Mephitic Cloud        Conj/Pois/Air  ######..     1%          3    None
z - Apportation           Tloc           ####......   1%          1    None


Dungeon Overview and Level Annotations

Branches:
Dungeon (9/15)             Temple (1/1) D:4            Lair (4/8) D:9
  Swamp: Lair:3-6    Shoals: Lair:3-6     Snake: Lair:3-6    Spider: Lair:3-6
    Orc: D:9-12

Altars:
Ashenzari
Cheibriados
Dithmenos
Elyvilon
Fedhas
Gozag
Kikubaaqudgha
Makhleb
Nemelex Xobeh
Okawaru
Qazlal
Ru
Sif Muna
Trog
Vehumet
Xom
Yredelemnul
Zin
The Shining One

Shops:
D:6 [   D:7 [


Message History

The bolt of negative energy hits the hell rat.
The hell rat completely resists.
The bolt of negative energy misses the water moccasin.
The bolt of negative energy hits the fungus.
The fungus completely resists.
Evoking this partially-identified wand wasted a few charges.
The hell rat bites you!
* * * LOW HITPOINT WARNING * * *
You feel drained.
* * * LOW HITPOINT WARNING * * *
The water moccasin bites the fungus.
The hell rat bites you.
* * * LOW HITPOINT WARNING * * *
The water moccasin bites the fungus.
Unknown command.
The water moccasin bites the fungus.
The hell rat bites you!
* * * LOW HITPOINT WARNING * * *
You feel drained.
You die...

### ###P##
###....###
####
#.#.......
###..#
#..#..##
#.
#.......#
##
#......##
#.
......[.
##


You could see a water moccasin and a hell rat.

Vanquished Creatures
  Erolcha (D:9)
  Erica (D:9)
  2 hydras
  Pikel (D:9)
  Maurice (D:9)
  A spiny frog (Lair:2)
  A black mamba (Lair:2)
  A troll (D:9)
  A komodo dragon (Lair:1)
  A deep elf mage (D:9)
  Sigmund (D:6)
  12 yaks
  7 hippogriffs
  A basilisk (Lair:2)
  A human (D:7)
  6 wolves
  7 porcupines
  2 water moccasins
  3 orc warriors
  A phantom (D:8)
  An ice beast (D:7)
  A necrophage (D:6)
  2 slaves (D:9)
  A sky beast (D:5)
  A centaur (D:7)
  7 ogres
  6 crocodiles
  A big kobold (D:7)
  Blork the orc (D:5)
  An elf zombie (Ossuary)
  2 elf skeletons (D:8)
  9 giant frogs
  4 jellies
  A scorpion (D:8)
  3 killer bees (D:7)
  3 crimson imps
  A giant frog zombie (D:7)
  A giant frog skeleton (D:7)
  A human zombie (D:8)
  2 centaur zombies
  3 orc priests (D:6)
  7 orc wizards
  7 hounds
  3 human skeletons (D:8)
  4 iguanas
  7 worker ants
  A hell rat (Lair:3)
  3 sheep (D:7)
  2 big kobold zombies (Ossuary)
  A hound zombie (D:8)
  A hound skeleton (D:4)
  2 mummies (Ossuary)
  27 river rats
  7 gnolls (D:5)
  11 adders
  3 shadow imps
  2 adder zombies
  An adder skeleton (D:4)
  2 worms
  4 giant geckos
  20 orcs
  5 goblins
  3 hobgoblins
  3 jackals
  6 kobolds
  7 quokkas
  A ball python (D:4)
  A ball python skeleton (D:5)
  6 bats
  4 giant cockroaches
  A giant gecko zombie (D:9)
  3 giant newts
  3 goblin zombies (Ossuary)
  9 hobgoblin zombies (Ossuary)
  2 jackal zombies
  9 kobold zombies (Ossuary)
  8 orc zombies (Ossuary)
  6 rats
  3 rat zombies (Ossuary)
299 creatures vanquished.

Vanquished Creatures (others)
  A slave (D:9)
  2 fungi
3 creatures vanquished.

Grand Total: 302 creatures vanquished

Notes
Turn   | Place    | Note
--------------------------------------------------------------
     0 | D:1      | Mordenkainen the Deep Elf Wizard began the quest for the Orb.
     0 | D:1      | Reached XP level 1. HP: 10/10 MP: 7/7
   134 | D:1      | Reached XP level 2. HP: 15/15 MP: 5/9
   467 | D:2      | Found a bloodstained altar of Trog.
   470 | D:2      | Found a sparkling altar of Nemelex Xobeh.
   564 | D:2      | Found a blossoming altar of Fedhas.
   582 | D:2      | Reached XP level 3. HP: 19/19 MP: 8/10
   609 | D:2      | Learned a level 2 spell: Blink
   612 | D:2      | Learned a level 2 spell: Repel Missiles
   623 | D:2      | Learned a level 3 spell: Mephitic Cloud
  1346 | D:3      | Reached XP level 4. HP: 22/24 MP: 4/12
  2001 | D:4      | Learned a level 3 spell: Conjure Flame
  2373 | D:4      | Found a staircase to the Ecumenical Temple.
  2396 | Temple   | Entered the Ecumenical Temple
  2928 | D:5      | Entered Level 5 of the Dungeon
  2931 | D:5      | Found a basalt altar of Yredelemnul.
  2933 | D:5      | Noticed a phantom
  2934 | D:5      | Reached skill level 1 in Charms
  2999 | D:5      | Reached skill level 5 in Conjurations
  2999 | D:5      | Reached XP level 5. HP: 11/28 MP: 7/13
  3207 | D:5      | Noticed Blork the orc
  3352 | D:5      | Killed Blork the orc
  3352 | D:5      | Reached skill level 1 in Fire Magic
  3352 | D:5      | Reached skill level 1 in Air Magic
  3352 | D:5      | Reached skill level 1 in Poison Magic
  3352 | D:5      | Reached XP level 6. HP: 25/32 MP: 12/15
  3603 | D:5      | Noticed an ogre
  3614 | D:5      | Killed an ogre
  3614 | D:5      | Reached skill level 5 in Spellcasting
  3737 | D:5      | Noticed an ogre
  3741 | D:5      | Reached XP level 7. HP: 15/36 MP: 7/16
  3758 | D:5      | Killed an ogre
  3758 | D:5      | Reached skill level 6 in Conjurations
  4395 | D:5      | Found a sacrificial altar of Ru.
  4839 | D:6      | Noticed Sigmund
  4896 | D:6      | Killed Sigmund
  4987 | D:6      | Reached XP level 8. HP: 29/41 MP: 9/18
  5057 | D:6      | Found Udwaudod's Armour Shop.
  5171 | D:6      | Reached skill level 7 in Conjurations
  5606 | D:6      | Reached skill level 5 in Charms
  6065 | D:7      | Learned a level 1 spell: Apportation
  6071 | D:7      | Learned a level 5 spell: Lightning Bolt
  6403 | D:7      | Found Niyggudo's Antique Armour Shop.
  6412 | D:7      | Bought a pair of embroidered gloves for 103 gold pieces
  6429 | D:7      | Reached XP level 9. HP: 29/45 MP: 10/21
  6578 | D:7      | Reached skill level 8 in Conjurations
  6736 | D:7      | Reached skill level 5 in Air Magic
  7559 | D:8      | Found a sand-covered staircase.
  7564 | D:8      | Reached skill level 9 in Conjurations
  7592 | Ossuary  | Entered an ossuary
  8532 | D:9      | Noticed Pikel
  8566 | D:9      | Noticed Maurice
  8573 | D:9      | Killed Maurice
  8573 | D:9      | Reached XP level 10. HP: 40/50 MP: 12/24
  8594 | D:9      | Killed Pikel
  8594 | D:9      | Reached skill level 10 in Conjurations
  8869 | D:9      | Found a staircase to the Lair.
  8885 | D:9      | Noticed Erica
  8903 | D:9      | Noticed Erolcha
  8920 | D:9      | Killed Erolcha
  8952 | D:9      | Killed Erica
  8952 | D:9      | Reached skill level 11 in Conjurations
  9367 | D:9      | Found a radiant altar of Vehumet.
  9395 | D:9      | Found a shattered altar of Ashenzari.
  9398 | D:9      | Found a sacrificial altar of Ru.
  9505 | D:9      | Found a shimmering altar of Xom.
  9782 | D:9      | Became a worshipper of Vehumet
  9850 | Lair:1   | Entered Level 1 of the Lair of Beasts
 10157 | Lair:1   | Noticed a four-headed hydra
 10169 | Lair:1   | Killed a four-headed hydra
 10169 | Lair:1   | Reached skill level 10 in Spellcasting
 10169 | Lair:1   | Reached XP level 11. HP: 38/54 MP: 10/27
 10794 | Lair:1   | Acquired Vehumet's first power
 10794 | Lair:1   | Offered knowledge of Sandblast by Vehumet.
 11255 | Lair:2   | Reached skill level 12 in Conjurations
 11569 | Lair:2   | Found a bloodstained altar of Trog.
 12116 | Lair:2   | Reached skill level 10 in Air Magic
 12164 | Lair:3   | Noticed a six-headed hydra
 12277 | Lair:3   | Noticed a four-headed hydra
 12437 | Lair:1   | Offered knowledge of Throw Frost by Vehumet.
 12702 | Lair:3   | Noticed a four-headed hydra
 12892 | Lair:3   | Killed a four-headed hydra
 12925 | Lair:4   | HP: 1/54 [hell rat (8)]
 12925 | Lair:4   | Slain by a hell rat

Vault maps used:
D:1:      lightli_arrival_boilingwater
D:2:      nicolae_overflow_crystal_walls, lemuel_crystal_altar, first_bread,
          bloody_trog
D:4:      minmay_temple_entry_statues_pillars
D:5:      kennysheep_six_static_rooms, yredelemnul_altar_generic,
          hangedman_abyss_or_decor_stagger, nicolae_ru_path_of_blood,
          uniq_blork_the_orc
D:6:      serial_shops, kennysheep_mini, uniq_sigmund
D:7:      serial_shops, nicolae_shop_overgrown_old_shop, grunt_livestock,
          kennysheep_generic_room_4
D:8:      nicolae_ossuary_entry_catacombs
D:9:      grunt_temple_overflow_cloverleaf, dpeg_lair_monsters,
          minmay_misc_feat_pillars, uniq_maurice, uniq_pikel, uniq_erica,
          uniq_erolcha
Temple:   oiseaux_autumnal_temple_12
Lair:1:   bh_autumn_forest_stairs
Lair:2:   basic_altar, st_stairs_8
Lair:3:   pf_torpor_hydra, grunt_megastairs_2, uniq_gastronok
Lair:4:   beast_lair_carwin_large_3
Ossuary:  ossuary_tomb_1

Action                   |  1- 3 |  4- 6 |  7- 9 | 10-12 || total
-------------------------+-------+-------+-------+-------++-------
Melee: Scythe            |       |       |   186 |   150 ||   336
 Fire: Blowgun           |       |    40 |    43 |    32 ||   115
 Cast: Magic Dart        |    74 |    52 |   216 |   158 ||   500
       Conjure Flame     |       |     3 |    43 |    21 ||    67
       Blink             |       |     2 |    17 |    24 ||    43
       Mephitic Cloud    |       |     2 |    25 |     9 ||    36
       Repel Missiles    |       |       |     1 |       ||     1
       Lightning Bolt    |       |       |       |    61 ||    61
Evoke: Wand              |       |       |       |     5 ||     5
  Use: Scroll            |       |       |     6 |       ||     6
       Potion            |       |       |       |     2 ||     2
 Stab: Confused          |       |     2 |     4 |     5 ||    11
       Sleeping          |       |       |     3 |       ||     3
       Distracted        |       |       |     2 |     1 ||     3
       Paralysed         |       |       |       |     1 ||     1
  Eat: Chunk             |     1 |     7 |    18 |    27 ||    53
       Fruit             |       |       |     3 |       ||     3
